 Dungeon Crawl Stone Soup version 0.29.0-5-ge4962eb29e (webtiles) character file.

Game seed: 5449548988447828699

34 NinjaNoafa the Vexing (level 3, -24/28 HPs)
             Began as a Gnoll Arcane Marksman on Aug 29, 2022.
             Killed by an exploding gnoll (28 damage)
             ... ignited by their inner flame
             ... on level 2 of the Dungeon.
             The game lasted 00:03:13 (996 turns).

NinjaNoafa the Vexing (Gnoll Arcane Marksman)        Turns: 996, Time: 00:03:14

Health: -24/28     AC:  1    Str:  9    XL:     3   Next: 31%
Magic:  7/7        EV: 13    Int: 14    God:
Gold:   29         SH:  0    Dex: 12    Spells: 4/7 levels left

rFire   . . .      SeeInvis .   a - +1 sling
rCold   . . .      Faith    .   (no shield)
rNeg    . . .      Spirit   .   c - +0 robe
rPois   .          Reflect  .   (no helmet)
rElec   .          Harm     .   (no cloak)
rCorr   .          Rampage  .   (no gloves)
Will    .....                   (no boots)
Stlth   +.........              (no amulet)
HPRegen 0.09/turn               (no ring)
MPRegen 0.10/turn               (no ring)

@: lethally poisoned (-24 -> -36), attractive
A: fangs 1, strong nose, distributed training, deformed body, MP-powered wands
a: no special abilities


You were on level 2 of the Dungeon.
You visited 1 branch of the dungeon, and saw 2 of its levels.

You collected 29 gold pieces.

Inventory:

Hand Weapons
 a - a +1 sling (weapon)
Missiles
 f - 12 stones
 j - 2 poisoned darts
Armour
 c - a +0 robe (worn)
 d - a +0 buckler
Scrolls
 b - a scroll of poison
 k - a scroll of identify {unknown}
 l - a scroll of teleportation {unknown}


   Skills:
 + Level 2.6 Fighting
 + Level 0.8 Short Blades
 + Level 0.8 Long Blades
 + Level 0.8 Axes
 + Level 0.8 Maces & Flails
 + Level 0.8 Polearms
 + Level 0.8 Staves
 + Level 4.5 Ranged Weapons
 + Level 0.8 Throwing
 + Level 0.8 Armour
 + Level 4.5 Dodging
 + Level 0.8 Stealth
 + Level 0.8 Shields
 + Level 0.8 Unarmed Combat
 + Level 2.8 Spellcasting
 + Level 0.5 Conjurations
 + Level 5.4 Hexes
 + Level 0.5 Summonings
 + Level 0.5 Necromancy
 + Level 0.5 Translocations
 + Level 0.5 Transmutations
 + Level 0.5 Fire Magic
 + Level 0.5 Ice Magic
 + Level 0.5 Air Magic
 + Level 0.5 Earth Magic
 + Level 0.5 Poison Magic
 + Level 1.0 Invocations
 + Level 0.8 Evocations


You had 4 spell levels left.
You knew the following spells:

 Your Spells              Type           Power      Damage    Failure   Level
a - Slow                  Hex            68%        N/A       2%          1
b - Ensorcelled Hibernat  Hex/Ice        20%        N/A       10%         2

Your spell library contained the following spells:

 Spells                   Type           Power      Damage    Failure   Level
 Inner Flame              Hex/Fire       10%        N/A       19%         3
 Portal Projectile        Hex/Tloc       20%        N/A       19%         3
 Cause Fear               Hex            8%         N/A       24%         4
 Spider Form              Tmut/Pois      3%         N/A       45%         3
 Anguish                  Hex/Necr       5%         N/A       54%         4


Dungeon Overview and Level Annotations

Branches:
Dungeon (2/15)

Altars:


Innate Abilities, Weirdness & Mutations

You have very sharp teeth.
Your uncanny sense of smell can sniff out nearby items.
Your experience applies equally to all skills.
Armour fits poorly on your strangely shaped body.
You expend magic power (3 MP) to strengthen your wands.


Message History

You feel your magical essence link to the dungeon's wands.
The bat closely misses you. The gnoll barely misses you.
The bat closely misses you.
It was a potion of attraction.
You feel attractive to monsters. The bat hits you but does no damage.
The gnoll misses you. The gnoll attacks as you move away!
The gnoll closely misses you.
Really read the scroll of poison?
The air fills with toxic fumes!
As you read the scroll of poison, it crumbles to dust.
The gnoll hits you with a +0 club.
As you read the scroll labelled BIHYCZ JEPH, it crumbles to dust.
It is a scroll of amnesia.
Really abort (and waste the scroll)?
Okay, then.
The gnoll barely misses you.
Blink to where?
Press: ? - help, Dir - move target, p - gnoll Really blink into that cloud of poison gas?
As you read the scroll labelled WYEGHE MONIXT, it crumbles to dust.
It was a scroll of blinking.
You are engulfed in poison gas.
You are lethally poisoned!
You feel very sick. The gnoll is attracted toward you.
* * * LOW HITPOINT WARNING * * *
You feel very sick.
The gnoll is engulfed in poison gas.
The gnoll is poisoned.
The gnoll is attracted toward you.
You aren't carrying any potions.
As you read the scroll labelled DERAMYU PURGH, it crumbles to dust.
The creatures around you are filled with an inner flame!
It was a scroll of immolation.
* * * LOW HITPOINT WARNING * * *
You feel very sick.
Flame seeps out of the gnoll.
The gnoll is engulfed in blazing flames.
The gnoll explodes!
The fiery explosion engulfs you!!
Ouch! That really hurt!
You die...

...# #..# #..#
...##### ######
......
###.§§§###§.#
#S.§§§§§§§§.##
#SK######§§§§.#
∆ #..# ∆
##§○@.# #....
∆∆ #.§§.# #
#...S∆ ∆
#....###.#
#..#.[ ∆
#..#.....# #..
..∆∆ #..#.....#
##. #..
#.##.#...# ..
..#..##.## ..#.
..##.##...##
.....##
.###........#


There were no monsters in sight!

Vanquished Creatures
  A gnoll (D:2)
  A dart slug (D:1)
  2 orcs (D:2)
  2 ball pythons (D:1)
  A bat (D:1)
  3 endoplasms (D:1)
  5 goblins
  3 hobgoblins (D:1)
  4 jackals
  3 rats (D:1)
25 creatures vanquished.

Notes
Turn   | Place    | Note
-------+----------+-------------------------------------------
     0 | D:1      | NinjaNoafa the Gnoll Arcane Marksman began the quest for
                  | the Orb.
     0 | D:1      | Reached XP level 1. HP: 17/17 MP: 4/4
   182 | D:1      | Reached XP level 2. HP: 15/23 MP: 5/5
   734 | D:1      | Reached XP level 3. HP: 28/28 MP: 7/7
   737 | D:1      | Learned a level 2 spell: Ensorcelled Hibernation
   869 | D:2      | Reached skill level 1 in Invocations
   989 | D:2      | Gained mutation: Armour fits poorly on your strangely
                  | shaped body. [potion of mutation]
   989 | D:2      | Gained mutation: You expend magic power (3 MP) to
                  | strengthen your wands. [potion of mutation]
   996 | D:2      | Killed by an exploding gnoll... ignited by their inner
                  | flame

Illustrated notes

Levels and vault maps discovered:
D:1:      eino_arrival_water_star, layout_basic, serial_glass, glass_columns_b,
          glass_columns_a, glass_columns_a, glass_columns_c, glass_columns_a,
          glass_columns_a, glass_columns_c, glass_columns_b, item_on_display_a,
          item_on_display_a, due_unseen_surprise
D:2:      layout_loops_corners, shapermc_ecumenical_altar_mp_vishouse,
          minmay_randomly_rotated_circles, uniq_jessica

Skill      XL: |  1  2  3 |
---------------+----------+-----
Invocations    | 1 |  1.0
Fighting       | |  2.6
Short Blades   | |  0.8
Long Blades    | |  0.8
Axes           | |  0.8
Maces & Flails | |  0.8
Polearms       | |  0.8
Staves         | |  0.8
Ranged Weapons | |  4.5
Throwing       | |  0.8
Armour         | |  0.8
Dodging        | |  4.5
Stealth        | |  0.8
Shields        | |  0.8
Unarmed Combat | |  0.8
Spellcasting   | |  2.8
Conjurations   | |  0.5
Hexes          | |  5.4
Summonings     | |  0.5
Necromancy     | |  0.5
Translocations | |  0.5
Transmutations | |  0.5
Fire Magic     | |  0.5
Ice Magic      | |  0.5
Air Magic      | |  0.5
Earth Magic    | |  0.5
Poison Magic   | |  0.5
Evocations     | |  0.8

Action                   || total
-------------------------++-------
 Fire: Sling             ||    60
 Cast: Slow              ||     2
       Ensorcelled Hiber ||     4
  Use: Scroll            ||     4
       Potion            ||     2
Armor: Robe              ||     5
Dodge: Dodged            ||    20
